 Dungeon Crawl Stone Soup version 0.25.1-2-g60ff931df9 (webtiles) character file.

Game seed: 7648777985236144010

66 Descartes the Chucker (level 3, 0/33 HPs)
             Began as a Troll Hunter on Nov 13, 2020.
             Slain by an orc (2 damage)
             ... on level 1 of the Dungeon.
             The game lasted 00:02:17 (976 turns).

Descartes the Chucker (Troll Hunter)                 Turns: 976, Time: 00:02:17

Health: 0/33       AC:  6    Str: 21    XL:     3   Next: 96%
Magic:  2/2        EV: 10    Int:  7    God:
Gold:   80         SH:  0    Dex: 10    Spells: 2/2 levels left

rFire    . . .     SeeInvis .     - Unarmed
rCold    . . .     Gourm    +   (no shield)
rNeg     . . .     Faith    .   b - +0 robe
rPois    .         Spirit   .   (helmet restricted)
rElec    .         Reflect  .   (no cloak)
rCorr    .         Harm     .   (gloves unavailable)
MR       .....                  (boots unavailable)
Stlth    +.........             (no amulet)
HPRegen  0.51/turn              (no ring)
MPRegen  0.08/turn              (no ring)

@: no status effects
A: large, unfitting armour, claws 3, fast metabolism 3, gourmand, regeneration
1, shaggy fur 1, tough skin 3
a: no special abilities


You were on level 1 of the Dungeon.
You were full.

You visited 1 branch of the dungeon, and saw 2 of its levels.

You collected 80 gold pieces.

Inventory:

Hand Weapons
 h - a +0 hunting sling
Missiles
 c - 5 large rocks (quivered)
 d - 2 throwing nets
 k - 70 stones
Armour
 b - a +0 robe (worn)
Jewellery
 m - an uncursed amulet of faith {unknown}
Scrolls
 g - a scroll of immolation {unknown}
 i - a scroll of teleportation {unknown}
Potions
 a - a potion of brilliance {unknown}
 e - 2 potions of flight {unknown}
 j - a potion of might {unknown}
 l - a potion of curing {unknown}
Comestibles
 f - 4 rations


   Skills:
 - Level 1.5 Fighting
 + Level 4.4 Throwing
 - Level 1.5 Dodging
 - Level 0.3 Stealth
 + Level 2.4 Unarmed Combat


You had 2 spell levels left.
You didn't know any spells.
Your spell library was empty.

Dungeon Overview and Level Annotations

Branches:
Dungeon (2/15)

Altars:


Innate Abilities, Weirdness & Mutations

You are too large for most types of armour.
You have claws for hands.
Your metabolism is lightning-fast.
You like to eat raw meat.
Your natural rate of healing is unusually fast.
You are covered in fur. (AC +1)
You have extremely tough skin. (AC +3)


Message History

The adder is severely wounded.
The orc closely misses you. The adder barely misses you. The orc hits you.
* * * LOW HITPOINT WARNING * * *
You claw the adder!
You kill the adder!
The orc hits you but does no damage. The orc misses you.
The orc hits you but does no damage.
You see here an adder corpse.
You barely miss the orc. The orc barely misses you.
You scratch the orc.
The orc is lightly wounded.
The orc barely misses you. The orc hits you but does no damage.
You closely miss the orc.
The orc is lightly wounded.
The orc hits you.
* * * LOW HITPOINT WARNING * * *
The orc hits you with a +0 dagger.
* * * LOW HITPOINT WARNING * * *
You scratch the orc but do no damage. The orc hits you.
You die...

####....###########
#..................
#.#####.#######..## #.# #.#
##... #.#####.## #####
#........# #≈≈≈≈
#####..###...# ≈≈≈≈≈
#......# #...# ####≈
#.###o@###...# ### #.#
#>o......#### #.. #.#
##..........# #.. #.#
#####......# #.# #.#
#......# ###.# #.#
#......###.... ######.####
#######.#.....)
#.........####....##........
#.........'.................


You could see 2 orcs.

Vanquished Creatures
  An orc priest (D:1)
  2 adders (D:1)
  A giant cockroach (D:1)
  5 goblins
  A hobgoblin (D:1)
  3 jackals (D:1)
  3 bats (D:1)
  3 frilled lizards (D:1)
  A kobold (D:1)
20 creatures vanquished.

Notes
Turn   | Place    | Note
-------+----------+-------------------------------------------
     0 | D:1      | Descartes the Troll Hunter began the quest for the Orb.
     0 | D:1      | Reached XP level 1. HP: 19/19 MP: 0/0
   124 | D:1      | Reached skill level 1 in Unarmed Combat
   169 | D:1      | Reached XP level 2. HP: 27/27 MP: 1/1
   943 | D:1      | Reached skill level 4 in Throwing
   967 | D:1      | Reached XP level 3. HP: 8/33 MP: 2/2
   975 | D:1      | HP: 1/33 [orc/+0 dagger (4)]
   976 | D:1      | Slain by an orc

Illustrated notes

Levels and vault maps discovered:
D:1:      shiori_shiawase, layout_basic, chequers_big_river
D:2:      layout_loops_ring, yredelemnul_forgotten_temple_becter,
          nicolae_qazlal_style_of_elements, uniq_sigmund, uniq_robin

Skill      XL: |  1  2 |
---------------+-------+-----
Unarmed Combat | 1 2 |  2.4
Throwing       | 4 |  4.4
Fighting       | |  1.5
Dodging        | |  1.5
Stealth        | |  0.3

Action                   || total
-------------------------++-------
Melee: Unarmed           ||    59
 Stab: Sleeping          ||     1
  Eat: Chunk             ||    12
Armor: Robe              ||    49
Dodge: Dodged            ||    53
